| TOP OF THE 1ST |
|
Chicago (APP) Cubs batting - Pitching for Washington (APP) Nationals : RHP Gary Simmons
|
|
Pitching: RHP Gary Simmons
|
|
|
Batting: RHB Randy Schmitt
|
0-0: Ground out 6-3 (Groundball, 6M, EV 94.4 MPH)
|
|
Batting: SHB Andrew Baron
|
0-0: Called Strike 0-1: Foul Ball, location: 2F 0-2: Ball 1-2: Foul Ball, location: 2F 1-2: Ball 2-2: DOUBLE (Line Drive, 78D, EV 106.2 MPH)
|
|
Batting: RHB Tak-keung Chieu
|
0-0: Ball 1-0: Called Strike 1-1: Ball 2-1: Swinging Strike 2-2: Ball 3-2: Foul Ball, location: 2F 3-2: Base on Balls
|
|
Batting: RHB Jake Mitchell
|
0-0: Ball 1-0: Ball 2-0: Ball 3-0: Base on Balls Andrew Baron to third Tak-keung Chieu to second
|
|
Batting: RHB Julio Arteaga
|
0-0: Ball 1-0: DOUBLE (Line Drive, 7LM, EV 105.0 MPH) Andrew Baron scores Tak-keung Chieu scores Jake Mitchell to third
|
|
Batting: RHB Dwight Bean
|
0-0: Ground out 6-3 (Groundball, 6, EV 83.1 MPH) Jake Mitchell scores
|
|
Batting: LHB Neal Brody
|
0-0: Ground out U3 (Groundball, 3L, EV 81.9 MPH)
|
| Top of the 1st over - 3 runs, 2 hits, 0 errors, 1 left on base; Chicago (APP) 3 - Washington (APP) 0 |
| BOTTOM OF THE 1ST |
|
Washington (APP) Nationals batting - Pitching for Chicago (APP) Cubs : RHP Jake Newman
|
|
Pitching: RHP Jake Newman
|
|
|
Batting: RHB John Savard
|
0-0: Called Strike 0-1: Ball 1-1: Ground out 4-3 (Groundball, 4M, EV 90.0 MPH)
|
|
Batting: RHB Nick Moreno
|
0-0: Fly out, F7 (Flyball, 7LM, EV 81.2 MPH)
|
|
Batting: RHB Jared Speck
|
0-0: Foul Ball, location: 2F 0-1: Ball 1-1: Ball 2-1: Ball 3-1: Base on Balls
|
|
Batting: RHB Kevin Whitenack
|
0-0: Called Strike 0-1: Ball 1-1: Called Strike 1-2: Foul Ball, location: 2F 1-2: Foul Ball, location: 2F 1-2: DOUBLE (Flyball, 8LXD, EV 96.9 MPH) Jared Speck to third Jared Speck scores
|
|
Batting: RHB Jon Buscher
|
0-0: Ground out 1-3 (Groundball, 13S, EV 73.8 MPH)
|
| Bottom of the 1st over - 1 run, 1 hit, 0 errors, 1 left on base; Chicago (APP) 3 - Washington (APP) 1 |
| TOP OF THE 2ND |
|
Chicago (APP) Cubs batting - Pitching for Washington (APP) Nationals : RHP Gary Simmons
|
|
Batting: RHB Josh MacQueen
|
0-0: SINGLE (Groundball, 4MD, EV 105.6 MPH)
|
|
Batting: LHB Arnaldo Cardamenho
|
0-0: Bunt missed! 0-1: Bunt missed! 0-2: Sac Bunt to 5S - play at first, batter OUT! 5-3 Josh MacQueen to second
|
|
Batting: RHB Randy Schmitt
|
0-0: Ball 1-0: Fly out, F3 (Popup, 3F, EV 65.6 MPH)
|
|
Batting: SHB Andrew Baron
|
0-0: Foul Ball, location: 2F 0-1: Fly out, F8 (Line Drive, 8LM, EV 89.4 MPH)
|
| Top of the 2nd over - 0 runs, 1 hit, 0 errors, 1 left on base; Chicago (APP) 3 - Washington (APP) 1 |
| BOTTOM OF THE 2ND |
|
Washington (APP) Nationals batting - Pitching for Chicago (APP) Cubs : RHP Jake Newman
|
|
Batting: RHB Steve Bauman
|
0-0: Ball 1-0: Ball 2-0: Foul Ball, location: 2F 2-1: SINGLE (Groundball, 5D, EV 94.4 MPH)
|
|
Batting: RHB Derek Moran
|
0-0: SINGLE (Groundball, 25, EV 70.0 MPH) (infield hit) Steve Bauman to second
|
|
Batting: RHB Naofumi Ishida
|
0-0: Foul Ball, location: 2F 0-1: SINGLE (Flyball, 78M, EV 75.6 MPH) Steve Bauman to third Derek Moran to second
|
|
Batting: RHB Victor Cintron
|
0-0: Called Strike 0-1: Foul Ball, location: 2F 0-2: Ball Wild Pitch! Steve Bauman scores Derek Moran to third Naofumi Ishida to second 1-2: Foul Ball, location: 2F 1-2: Foul Ball, location: 2F 1-2: Ball 2-2: Strikes out swinging
|
|
Batting: RHB John Savard
|
0-0: Ground out 2-3 (Groundball, 2L, EV 68.8 MPH)
|
|
Batting: RHB Nick Moreno
|
0-0: Ball 1-0: Called Strike 1-1: Ball 2-1: Ground out 5-3 (Groundball, 56, EV 102.5 MPH)
|
| Bottom of the 2nd over - 1 run, 3 hits, 0 errors, 2 left on base; Chicago (APP) 3 - Washington (APP) 2 |
| TOP OF THE 3RD |
|
Chicago (APP) Cubs batting - Pitching for Washington (APP) Nationals : RHP Gary Simmons
|
|
Batting: RHB Tak-keung Chieu
|
0-0: Ball 1-0: Ball 2-0: Ball 3-0: Base on Balls
|
|
Batting: RHB Jake Mitchell
|
0-0: Foul Ball, location: 2F 0-1: Swinging Strike 0-2: Ball 1-2: Ball 2-2: Foul Ball, location: 2F 2-2: Strikes out swinging
|
|
Batting: RHB Julio Arteaga
|
0-0: Ball 1-0: Swinging Strike 1-1: Swinging Strike 1-2: Foul Ball, location: 2F 1-2: Strikes out swinging
|
|
Batting: RHB Dwight Bean
|
0-0: Foul Ball, location: 2F 0-1: Swinging Strike Passed Ball! Tak-keung Chieu to second 0-2: Ball 1-2: Strikes out looking
|
| Top of the 3rd over - 0 runs, 0 hits, 0 errors, 1 left on base; Chicago (APP) 3 - Washington (APP) 2 |
| BOTTOM OF THE 3RD |
|
Washington (APP) Nationals batting - Pitching for Chicago (APP) Cubs : RHP Jake Newman
|
|
Batting: RHB Jared Speck
|
0-0: Foul Ball, location: 2F 0-1: Ball 1-1: Called Strike 1-2: Ball 2-2: SINGLE (Line Drive, 9LS, EV 88.8 MPH)
|
|
Batting: RHB Kevin Whitenack
|
0-0: Called Strike 0-1: Foul Ball, location: 2F 0-2: Ball Jared Speck steals 2nd, throwing error, E2 Jared Speck to third 1-2: Ball 2-2: Ball 3-2: Base on Balls
|
|
Batting: RHB Jon Buscher
|
0-0: Ball Passed Ball! Jared Speck scores Kevin Whitenack to second 1-0: Ground out 6-3 (Groundball, 6, EV 84.4 MPH) Kevin Whitenack to third
|
|
Batting: RHB Steve Bauman
|
0-0: Foul Ball, location: 2F 0-1: Ball Wild Pitch! Kevin Whitenack scores 1-1: Swinging Strike 1-2: Ground out 6-3 (Groundball, 6MS, EV 81.9 MPH)
|
|
Batting: RHB Derek Moran
|
0-0: SINGLE (Line Drive, 78S, EV 106.9 MPH)
|
|
Batting: RHB Naofumi Ishida
|
0-0: Ball Derek Moran steals 2nd base 1-0: Ball 2-0: Reached on error, E6 (Groundball, 6, EV 88.1 MPH) Derek Moran to third
|
|
Batting: RHB Victor Cintron
|
0-0: Ball 1-0: Swinging Strike 1-1: Fly out, F9 (Flyball, 9LD, EV 93.1 MPH)
|
| Bottom of the 3rd over - 2 runs, 2 hits, 2 errors, 2 left on base; Chicago (APP) 3 - Washington (APP) 4 |
| TOP OF THE 4TH |
|
Chicago (APP) Cubs batting - Pitching for Washington (APP) Nationals : RHP Gary Simmons
|
|
Batting: LHB Neal Brody
|
0-0: Ball 1-0: Called Strike 1-1: Called Strike 1-2: Foul Ball, location: 2F 1-2: Strikes out swinging
|
|
Batting: RHB Josh MacQueen
|
0-0: Called Strike 0-1: Swinging Strike 0-2: Strikes out swinging
|
|
Batting: LHB Arnaldo Cardamenho
|
0-0: Ball 1-0: Ball 2-0: Ball 3-0: Foul Ball, location: 2F 3-1: Called Strike 3-2: Strikes out swinging
|
| Top of the 4th over - 0 runs, 0 hits, 0 errors, 0 left on base; Chicago (APP) 3 - Washington (APP) 4 |
| BOTTOM OF THE 4TH |
|
Washington (APP) Nationals batting - Pitching for Chicago (APP) Cubs : RHP Jake Newman
|
|
Batting: RHB John Savard
|
0-0: Ball 1-0: Foul Ball, location: 2F 1-1: Ball 2-1: Fly out, F9 (Flyball, 9LM, EV 106.2 MPH)
|
|
Batting: RHB Nick Moreno
|
0-0: Ground out 5-3 (Groundball, 56S, EV 90.6 MPH)
|
|
Batting: RHB Jared Speck
|
0-0: Ball 1-0: Ball 2-0: Ball 3-0: Called Strike 3-1: Base on Balls
|
|
Batting: RHB Kevin Whitenack
|
0-0: Ball 1-0: Called Strike 1-1: Fly out, F7 (Flyball, 7S, EV 89.4 MPH)
|
| Bottom of the 4th over - 0 runs, 0 hits, 0 errors, 1 left on base; Chicago (APP) 3 - Washington (APP) 4 |
| TOP OF THE 5TH |
|
Chicago (APP) Cubs batting - Pitching for Washington (APP) Nationals : RHP Gary Simmons
|
|
Batting: RHB Randy Schmitt
|
0-0: Foul Ball, location: 2F 0-1: Called Strike 0-2: Fly out, F3 (Popup, 34S, EV 65.6 MPH)
|
|
Batting: SHB Andrew Baron
|
0-0: Ball 1-0: Called Strike 1-1: Ground out 3-1 (Groundball, 34S, EV 83.8 MPH)
|
|
Batting: RHB Tak-keung Chieu
|
0-0: Called Strike 0-1: Ground out 4-3 (Groundball, 4, EV 100.0 MPH)
|
| Top of the 5th over - 0 runs, 0 hits, 0 errors, 0 left on base; Chicago (APP) 3 - Washington (APP) 4 |
| BOTTOM OF THE 5TH |
|
Washington (APP) Nationals batting - Pitching for Chicago (APP) Cubs : RHP Jake Newman
|
|
Batting: RHB Jon Buscher
|
0-0: Ball 1-0: Ball 2-0: Swinging Strike 2-1: Called Strike 2-2: Fly out, F8 (Flyball, 89XD, EV 109.4 MPH)
|
|
Batting: RHB Steve Bauman
|
0-0: Called Strike 0-1: Foul Ball, location: 2F 0-2: Foul Ball, location: 2F 0-2: Strikes out swinging
|
|
Batting: RHB Derek Moran
|
0-0: Ground out 4-3 (Groundball, 4S, EV 68.8 MPH)
|
| Bottom of the 5th over - 0 runs, 0 hits, 0 errors, 0 left on base; Chicago (APP) 3 - Washington (APP) 4 |
| TOP OF THE 6TH |
|
Chicago (APP) Cubs batting - Pitching for Washington (APP) Nationals : RHP Gary Simmons
|
|
Batting: RHB Jake Mitchell
|
0-0: Ball 1-0: Ball 2-0: Foul Ball, location: 2F 2-1: Ball 3-1: Called Strike 3-2: Foul Ball, location: 2F 3-2: Base on Balls
|
|
Pitching: LHP Mike Bigos
|
|
|
Batting: RHB Julio Arteaga
|
0-0: Fielders Choice at 2nd, 4-6 (Groundball, 4M, EV 94.4 MPH)
|
|
Batting: RHB Dwight Bean
|
0-0: SINGLE (Line Drive, 4MD, EV 108.1 MPH) Julio Arteaga to second
|
|
Batting: LHB Neal Brody
|
0-0: Ball 1-0: Ball 2-0: Called Strike 2-1: Called Strike 2-2: Ball 3-2: Strikes out swinging
|
|
Batting: RHB Josh MacQueen
|
0-0: SINGLE (Groundball, 6MD, EV 97.5 MPH) Julio Arteaga to third Dwight Bean to second Runner from 3rd tries for Home, SAFE, throw by CF to home
|
|
Batting: LHB Arnaldo Cardamenho
|
0-0: Ball 1-0: Called Strike 1-1: Swinging Strike 1-2: Strikes out swinging
|
| Top of the 6th over - 1 run, 2 hits, 0 errors, 2 left on base; Chicago (APP) 4 - Washington (APP) 4 |
| BOTTOM OF THE 6TH |
|
Washington (APP) Nationals batting - Pitching for Chicago (APP) Cubs : RHP Jake Newman
|
|
Batting: RHB Naofumi Ishida
|
0-0: Ground out 6-3 (Groundball, 6, EV 80.0 MPH)
|
|
Batting: RHB Victor Cintron
|
0-0: SINGLE (Groundball, 6MD, EV 93.8 MPH)
|
|
Batting: RHB John Savard
|
0-0: Ball 1-0: Ball 2-0: Ball Victor Cintron steals 2nd base 3-0: Called Strike 3-1: DOUBLE (Line Drive, 78XD, EV 113.1 MPH) Victor Cintron scores
|
|
Batting: RHB Nick Moreno
|
0-0: Ball 1-0: Fly out, F8 (Flyball, 89M, EV 85.6 MPH)
|
|
Batting: RHB Jared Speck
|
0-0: Intentional Walk
|
|
Batting: RHB Kevin Whitenack
|
0-0: Ball 1-0: Ball Wild Pitch! John Savard to third Jared Speck to second 2-0: Foul Ball, location: 2F 2-1: Swinging Strike 2-2: DOUBLE (Flyball, 89XD, EV 115.6 MPH) John Savard scores Jared Speck scores
|
|
Batting: RHB Jon Buscher
|
0-0: Intentional Walk
|
|
Pitching: RHP Karl Stuart
|
|
|
Batting: RHB Steve Bauman
|
0-0: Called Strike 0-1: Ball Wild Pitch! Kevin Whitenack to third Jon Buscher to second 1-1: Ball Passed Ball! Kevin Whitenack scores Jon Buscher to third 2-1: Ball 3-1: Swinging Strike Passed Ball! Jon Buscher scores 3-2: Strikes out looking
|
| Bottom of the 6th over - 5 runs, 3 hits, 0 errors, 0 left on base; Chicago (APP) 4 - Washington (APP) 9 |
| TOP OF THE 7TH |
|
Chicago (APP) Cubs batting - Pitching for Washington (APP) Nationals : LHP Mike Bigos
|
|
Batting: RHB Randy Schmitt
|
0-0: Ball 1-0: Ball 2-0: Foul Ball, location: 2F 2-1: Foul Ball, location: 2F 2-2: Foul Ball, location: 2F 2-2: SINGLE (Line Drive, 5D, EV 94.4 MPH)
|
|
Batting: SHB Andrew Baron
|
0-0: Fly out, F8 (Flyball, 8LM, EV 88.1 MPH)
|
|
Batting: RHB Tak-keung Chieu
|
0-0: Ball 1-0: Ball 2-0: Ball 3-0: Called Strike 3-1: Foul Ball, location: 2F 3-2: Foul Ball, location: 2F 3-2: Base on Balls Randy Schmitt to second
|
|
Pitching: LHP Josh Kelly
|
|
|
Batting: RHB Jake Mitchell
|
0-0: Swinging Strike 0-1: Foul Ball, location: 2F 0-2: Fly out, F4 (Popup, 3D, EV 49.4 MPH)
|
|
Batting: RHB Julio Arteaga
|
0-0: Foul Ball, location: 2F 0-1: Foul Ball, location: 2F 0-2: Strikes out looking
|
| Top of the 7th over - 0 runs, 1 hit, 0 errors, 2 left on base; Chicago (APP) 4 - Washington (APP) 9 |
| BOTTOM OF THE 7TH |
|
Washington (APP) Nationals batting - Pitching for Chicago (APP) Cubs : RHP Karl Stuart
|
|
Batting: RHB Derek Moran
|
0-0: Called Strike 0-1: SOLO HOME RUN (Flyball, 78XD, EV 114.4 MPH), Distance : 429 ft
|
|
Batting: RHB Naofumi Ishida
|
0-0: Foul Ball, location: 2F 0-1: Ball 1-1: Ball 2-1: Fly out, F8 (Flyball, 89D, EV 82.5 MPH)
|
|
Batting: RHB Victor Cintron
|
0-0: Called Strike 0-1: Ball 1-1: Ball 2-1: Ball 3-1: Called Strike 3-2: Base on Balls
|
|
Batting: RHB John Savard
|
0-0: Fielders Choice at 2nd, 6-4 (Groundball, 6, EV 78.8 MPH)
|
|
Batting: RHB Nick Moreno
|
0-0: Ball John Savard steals 2nd base 1-0: Ground out 5-3 (Groundball, 56, EV 108.8 MPH)
|
| Bottom of the 7th over - 1 run, 1 hit, 0 errors, 1 left on base; Chicago (APP) 4 - Washington (APP) 10 |
| TOP OF THE 8TH |
|
Chicago (APP) Cubs batting - Pitching for Washington (APP) Nationals : LHP Josh Kelly
|
|
Batting: RHB Dwight Bean
|
0-0: Ball 1-0: SINGLE (Line Drive, 78S, EV 109.4 MPH)
|
|
Batting: LHB Neal Brody
|
0-0: Ball 1-0: Bunt missed! 1-1: Bunted foul 1-2: Bunted foul, Strikeout!
|
|
Batting: RHB Josh MacQueen
|
0-0: Bunt missed! 0-1: Sac Bunt to 15S - play at first, batter OUT! 1-4 Dwight Bean to second
|
|
Batting: LHB Arnaldo Cardamenho
|
0-0: Ball 1-0: Foul Ball, location: 2F 1-1: SINGLE (Line Drive, 89S, EV 103.1 MPH) Dwight Bean to third
|
|
Batting: RHB Randy Schmitt
|
0-0: Called Strike 0-1: Ground out 4-3 (Groundball, 4, EV 98.8 MPH)
|
| Top of the 8th over - 0 runs, 2 hits, 0 errors, 2 left on base; Chicago (APP) 4 - Washington (APP) 10 |
| BOTTOM OF THE 8TH |
|
Washington (APP) Nationals batting - Pitching for Chicago (APP) Cubs : RHP Karl Stuart
|
|
Batting: RHB Jared Speck
|
0-0: Fly out, F5 (Popup, 5SF, EV 84.4 MPH)
|
|
Batting: RHB Kevin Whitenack
|
0-0: Called Strike 0-1: Ball 1-1: Swinging Strike 1-2: Ball 2-2: Foul Ball, location: 2F 2-2: Ball 3-2: Base on Balls
|
|
Batting: RHB Jon Buscher
|
0-0: Ball Wild Pitch! Kevin Whitenack to second 1-0: Ball 2-0: Ball 3-0: Base on Balls
|
|
Batting: RHB Steve Bauman
|
0-0: Ball 1-0: Called Strike 1-1: Ball 2-1: Ball 3-1: Foul Ball, location: 2F 3-2: Base on Balls Kevin Whitenack to third Jon Buscher to second
|
|
Batting: RHB Derek Moran
|
0-0: Ball 1-0: Ball 2-0: Called Strike 2-1: Ball Wild Pitch! Kevin Whitenack scores Jon Buscher to third Steve Bauman to second 3-1: Base on Balls
|
|
Batting: RHB Naofumi Ishida
|
0-0: Ball 1-0: Called Strike 1-1: Fly out, F7 (Flyball, 78D, EV 101.9 MPH) Runner from 3rd tags up, SCORES, throw by LF Steve Bauman to third
|
|
Batting: RHB Victor Cintron
|
0-0: Foul Ball, location: 2F 0-1: Ball Passed Ball! Steve Bauman scores Derek Moran to second 1-1: Called Strike 1-2: Ball Passed Ball! Derek Moran to third 2-2: Ball 3-2: Base on Balls
|
|
Batting: RHB John Savard
|
0-0: TRIPLE (Line Drive, 7LD, EV 113.8 MPH) Derek Moran scores Victor Cintron scores
|
|
Pitching: RHP Carlos Zavala
|
|
|
Batting: RHB Nick Moreno
|
0-0: Ground out 6-3 (Groundball, 6, EV 85.6 MPH)
|
| Bottom of the 8th over - 5 runs, 1 hit, 0 errors, 1 left on base; Chicago (APP) 4 - Washington (APP) 15 |
| TOP OF THE 9TH |
|
Chicago (APP) Cubs batting - Pitching for Washington (APP) Nationals : LHP Josh Kelly
|
|
Batting: SHB Andrew Baron
|
0-0: Ball 1-0: Ball 2-0: Called Strike 2-1: Foul Ball, location: 2F 2-2: Ball 3-2: Base on Balls
|
|
Batting: RHB Tak-keung Chieu
|
0-0: Called Strike 0-1: Hit by Pitch Andrew Baron to second
|
|
Batting: RHB Jake Mitchell
|
0-0: Called Strike 0-1: Ball 1-1: Foul Ball, location: 2F 1-2: Fly out, F8 (Flyball, 8LD, EV 103.1 MPH)
|
|
Pitching: RHP Chris Lawrence
|
|
|
Batting: RHB Julio Arteaga
|
0-0: Called Strike 0-1: Foul Ball, location: 2F 0-2: Ball 1-2: Foul Ball, location: 2F 1-2: Strikes out swinging
|
|
Batting: RHB Dwight Bean
|
0-0: Ground out 3-1 (Groundball, 34, EV 83.8 MPH)
|
| Top of the 9th over - 0 runs, 0 hits, 0 errors, 2 left on base; Chicago (APP) 4 - Washington (APP) 15 |
|